 Dungeon Crawl Stone Soup version 0.29.1-15-g9cfb28693d (webtiles) character file.

Game seed: 4939070002573091119

11699 BlackCrag the Basher (level 11, -13/99 HPs)
             Began as a Minotaur Fighter on Mar 9, 2023.
             Was an Elder of the Shining One.
             Mangled by a death scarab (21 damage)
             ... in a Gauntlet.
             The game lasted 00:45:33 (9103 turns).

BlackCrag the Basher (Minotaur Fighter)             Turns: 9103, Time: 00:45:34

Health: -13/99     AC: 19    Str: 28    XL:     11   Next: 52%
Magic:  10/10      EV:  8    Int:  5    God:    the Shining One [****..]
Gold:   915        SH:  7    Dex: 16    Spells: 10/10 levels left

rFire   + . .      SeeInvis .   b - +8 whip "Snakebite" {venom, curare, rPois}
rCold   . . .      Faith    .   c - +1 buckler
rNeg    + + .      Spirit   .   l - +0 plate armour
rPois   +          Reflect  .   (helmet restricted)
rElec   .          Harm     .   E - scarf {shadows}
rCorr   .          Rampage  .   N - +2 pair of gloves {Str+3}
Will    .....      NoTele   +   (no boots)
Stlth   ..........              (no amulet)
HPRegen 0.26/turn               p - ring of protection from fire
MPRegen 0.12/turn               y - +6 ring of dexterity

@: mighty, slowed, glowing, very slow
A: horns 2, retaliatory headbutt
a: Renounce Religion, Divine Shield, Cleansing Flame


You were in a Gauntlet.
You worshipped the Shining One.
The Shining One was greatly pleased with you.
You visited 2 branches of the dungeon, and saw 12 of its levels.
You also visited: Ossuary and Gauntlet.

You collected 915 gold pieces.

Inventory:

Hand Weapons
 b - the +8 whip "Snakebite" (weapon) {venom, curare, rPois}
   (You found it on level 2 of the Dungeon)

   It poisons the flesh of those it strikes.
   It occasionally inflicts asphyxiating poison on those it strikes, dealing
   poison damage and causing slowness.
   rPois:     It protects you from poison.
 s - a +1 hammer of protection
 t - a +1 hammer of holy wrath
 L - a +4 dire flail of freezing
Missiles
 A - 21 poisoned darts
 B - a throwing net
 G - 5 atropa-tipped darts (quivered)
Armour
 c - a +1 buckler (worn)
 l - a +0 plate armour (worn)
 o - a +0 robe of cold resistance
 u - a +0 cloak
 C - an orb of light
 E - a scarf of shadows (worn)
 N - a +2 pair of gloves of strength (worn)
Jewellery
 p - a ring of protection from fire (left hand)
 y - a +6 ring of dexterity (right hand)
 H - a ring of poison resistance
 J - a +6 ring of dexterity
Wands
 e - a wand of mindburst (20)
 z - a wand of flame (19)
 F - a wand of roots (8)
 K - a wand of paralysis (10)
Scrolls
 i - 7 scrolls of teleportation
 j - 2 scrolls of enchant armour
 m - a scroll of enchant weapon
 r - a scroll of poison
 x - a scroll of fog
 D - a scroll of magic mapping
 M - a scroll of blinking
Potions
 a - a potion of resistance
 d - 2 potions of might
 f - 3 potions of ambrosia
 g - a potion of cancellation {unknown}
 h - a potion of flight {unknown}
 k - 2 potions of brilliance {unknown}
 q - 7 potions of curing
 v - 3 potions of haste
 I - a potion of berserk rage {unknown}


   Skills:
 * Level 9.8 Fighting
 * Level 13.9 Maces & Flails
 + Level 2.3 Throwing
 * Level 12.7 Armour
 + Level 1.0 Dodging
 + Level 1.9 Stealth
 + Level 7.0 Shields
 + Level 0.9 Invocations
 + Level 1.5 Evocations


You had 10 spell levels left.
You didn't know any spells.
Your spell library contained the following spells:

 Spells                   Type           Power      Damage    Failure   Level
 Foxfire                  Conj/Fire      0%         2x1d4     99%         1
 Slow                     Hex            0%         N/A       99%         1
 Confusing Touch          Hex            0%         N/A       100%        3
 Conjure Flame            Conj/Fire      0%         6-21      100%        3
 Inner Flame              Hex/Fire       0%         N/A       100%        3
 Vampiric Draining        Necr           0%         2d6       100%        3
 Cause Fear               Hex            0%         N/A       100%        4
 Flame Wave               Conj/Fire      0%         2d4       100%        4
 Passage of Golubria      Tloc           0%         N/A       100%        4
 Silence                  Hex/Air        0%         N/A       100%        5
 Dragon Form              Tmut           0%         N/A       100%        7
 Lehudib's Crystal Spear  Conj/Erth      0%         10d2      100%        8
 Dragon's Call            Summ           0%         N/A       100%        9


Dungeon Overview and Level Annotations

Branches:
Dungeon (11/15)            Temple (1/1) D:6            Lair (0/5) D:11
    Orc (0/2) D:10        Ossuary (visited)         Gauntlet (1/1)

Altars:
Ashenzari
Cheibriados
Dithmenos
Elyvilon
Fedhas
Gozag
Hepliaklqana
Kikubaaqudgha
Makhleb
Nemelex Xobeh
Okawaru
Qazlal
Ru
Sif Muna
Trog
Uskayaw
Vehumet
Wu Jian
Xom
Yredelemnul
Zin
The Shining One

Shops:
D:10 (

Annotations:
D:6 3 runed translucent doors, 2 transporters, laros's ghost, novice MiBe Gauntlet 15 transporters, 21 runed translucent doors, exclusion: orange crystal statue


Innate Abilities, Weirdness & Mutations

You have a pair of horns on your head.
You reflexively headbutt those who attack you in melee.


Message History

The spectral catoblepas is almost destroyed.
The death scarab fails to trigger a net trap.
The death scarab barely misses you. You furiously retaliate!
You headbutt the death scarab! The spectral catoblepas gores you!
* * * LOW HITPOINT WARNING * * *
You partially resist.
You feel drained.
* * * LOW HITPOINT WARNING * * *
You hit the spectral catoblepas.
You destroy the spectral catoblepas!
The Shining One accepts your kill. The death scarab bites you!
* * * LOW HITPOINT WARNING * * *
The death scarab drains your vigour!
You feel as though you will be slow longer.
The death scarab draws strength from your injuries!
Your life force feels restored.
You feel better.
The death scarab's many legs skitter faintly.
The death scarab fails to trigger a net trap.
The death scarab bites you but does no damage.
The death scarab fails to trigger a net trap.
The death scarab bites you!
* * * LOW HITPOINT WARNING * * *
The death scarab draws strength from your injuries!
You hit the death scarab. Your headbutt misses the death scarab.
The death scarab is moderately damaged.
The death scarab bites you.
* * * LOW HITPOINT WARNING * * *
The death scarab drains your vigour!
You feel as though you will be slow longer.
The death scarab fails to trigger a net trap.
You feel much better.
The death scarab waves its antennae.
You block the death scarab's attack. The death scarab bites you!!
* * * LOW HITPOINT WARNING * * *
The death scarab fails to trigger a net trap.
The death scarab's many legs skitter faintly.
The death scarab bites you but does no damage. x2
The death scarab bites you!!
You die...

##### ### ### ### ### #§∩≈# #8#
#8# #8# #8# #...#
###################.∩.#
#≈.....................
###...................©..
#8#..###########.########
###..#.B@......#.#.......
#....#.##^..##.#.#.......
###....#"#.#.#.#.#.#..#..P#
#8#..###..##.##..#.#...P...
###..#©#©.#^©.#..#.#....©..
#..#.#!.##.##..#.#...P... # ###
###..#.#.#.#.#.#.#.#..#...# # #8#
#8#..#.#.##§.^##.#.#.......
#########..#.#.........#.#....©[.


You could see a death scarab.

Vanquished Creatures
  A soul eater (Gauntlet)
  A spectral catoblepas (Gauntlet)
  Pikel (D:6)
  An ugly thing (D:8)
  A manticore (D:11)
  A komodo dragon (D:10)
  2 trolls
  22 yaks
  Sigmund (D:5)
  A wyvern (D:9)
  A vampire (D:11)
  A shadow (D:10)
  4 vampire mosquitoes (D:11)
  An acid dragon (D:11)
  A water moccasin (D:9)
  5 orc warriors
  A black bear (D:7)
  A sky beast (D:7)
  2 ogres
  4 phantoms
  5 centaurs
  2 kobold brigands
  A bullfrog (D:8)
  2 scorpions (D:5)
  A gnoll sergeant (D:10)
  A necrophage (D:5)
  12 wights
  5 killer bees (D:10)
  6 howler monkeys
  4 hounds
  3 jellies
  3 orc priests
  Crazy Yiuf (D:2)
  2 gnoll boudas (D:6)
  An iguana (D:5)
  10 orc wizards
  8 mummies (Ossuary)
  14 gnolls
  7 adders
  5 shadow imps
  3 white imps
  An ufetubus (D:6)
  4 worms
  4 dart slugs
  57 orcs
  2 ball pythons (D:1)
  2 endoplasms
  5 giant cockroaches
  6 hobgoblins
  2 jackals (D:1)
  16 kobolds
  6 bats
  4 frilled lizards
  2 gnoll zombies (Ossuary)
  8 goblins
  2 hobgoblin zombies (Ossuary)
  A kobold zombie (Ossuary)
  3 orc zombies (Ossuary)
  3 rats
277 creatures vanquished.

Vanquished Creatures (collateral kills)
  A gnoll (D:6)
  An orc (D:6)
2 creatures vanquished.

Vanquished Creatures (others)
  A plant (D:2)
  25 withered plants (Gauntlet)
26 creatures vanquished.

Grand Total: 305 creatures vanquished

Notes
Turn   | Place    | Note
-------+----------+-------------------------------------------
     0 | D:1      | BlackCrag the Minotaur Fighter began the quest for the Orb.
     0 | D:1      | Reached XP level 1. HP: 19/19 MP: 0/0
    87 | D:1      | Reached XP level 2. HP: 26/27 MP: 1/1
   226 | D:1      | Found a faded altar of an unknown god.
   435 | D:2      | Reached XP level 3. HP: 34/34 MP: 2/2
   474 | D:2      | Reached skill level 3 in Maces & Flails
   586 | D:2      | Found the +8 whip "Snakebite" {venom, curare, rPois}
   667 | D:2      | Reached XP level 4. HP: 40/41 MP: 3/3
   978 | D:2      | Found a runed translucent door.
   979 | D:2      | Noticed Crazy Yiuf
   984 | D:2      | Killed Crazy Yiuf
   985 | D:2      | Reached skill level 4 in Maces & Flails
  1224 | D:3      | Found a sacrificial altar of Ru.
  1224 | D:3      | Found an ornate altar of the Wu Jian Council.
  1225 | D:3      | Found a hazy altar of Hepliaklqana.
  1753 | D:4      | Noticed a phantom
  1763 | D:4      | Killed a phantom
  1764 | D:4      | Reached skill level 5 in Maces & Flails
  1764 | D:4      | Reached XP level 5. HP: 47/47 MP: 4/4
  1792 | D:4      | Found an opulent altar of Gozag.
  1815 | D:4      | Noticed an ogre
  1822 | D:4      | Killed an ogre
  1823 | D:4      | Reached skill level 5 in Fighting
  1823 | D:4      | Reached XP level 6. HP: 41/56 MP: 5/5
  2065 | D:4      | Found a stormy altar of Qazlal.
  2065 | D:4      | Found a radiant altar of Vehumet.
  2230 | D:5      | Entered Level 5 of the Dungeon
  2241 | D:5      | Reached skill level 6 in Maces & Flails
  2253 | D:5      | Reached skill level 5 in Armour
  2289 | D:5      | Reached XP level 7. HP: 61/61 MP: 6/6
  2411 | D:5      | Reached skill level 5 in Shields
  2434 | D:5      | Noticed Sigmund
  2445 | D:5      | Killed Sigmund
  2446 | D:5      | Reached skill level 7 in Maces & Flails
  2481 | D:5      | Found a shimmering blue altar of Sif Muna.
  2534 | D:5      | Reached skill level 8 in Maces & Flails
  2568 | D:5      | Found a runed translucent door.
  2611 | D:5      | Reached XP level 8. HP: 37/70 MP: 7/7
  2631 | D:5      | Reached skill level 9 in Maces & Flails
  3314 | D:6      | Found a runed translucent gate.
  3314 | D:6      | Found a runed translucent gate.
  3314 | D:6      | Found a runed translucent gate.
  3317 | D:6      | Noticed a spectral unseen horror
  3319 | D:6      | Noticed a spectral unseen horror
  3319 | D:6      | Noticed laros's ghost (novice MiBe)
  3357 | D:6      | Found a staircase to the Ecumenical Temple.
  3370 | Temple   | Entered the Ecumenical Temple
  3375 | Temple   | Became a worshipper of the Shining One
  3389 | D:6      | Found a transporter.
  3396 | D:6      | Found a transporter.
  3452 | D:6      | Noticed Pikel
  3461 | D:6      | Killed Pikel
  3462 | D:6      | Reached skill level 10 in Maces & Flails
  3462 | D:6      | Reached XP level 9. HP: 53/79 MP: 8/8
  3562 | D:6      | Found a sand-covered staircase.
  3566 | Ossuary  | Entered an ossuary
  3581 | Ossuary  | Reached * piety under the Shining One
  3987 | D:6      | Found a blossoming altar of Fedhas.
  4120 | D:6      | Reached ** piety under the Shining One
  4592 | D:7      | Reached skill level 11 in Maces & Flails
  4595 | D:7      | Found a large runed translucent door.
  4596 | D:7      | Found a large runed translucent door.
  4622 | D:7      | Found a snail-covered altar of Cheibriados.
  4629 | D:7      | Found a glowing silver altar of Zin.
  4696 | D:7      | Noticed a troll
  4706 | D:7      | Killed a troll
  5439 | D:8      | Noticed a red ugly thing
  5454 | D:8      | Killed a red ugly thing
  5455 | D:8      | Reached skill level 12 in Maces & Flails
  5874 | D:8      | Reached skill level 1 in Stealth
  6146 | D:9      | Reached XP level 10. HP: 88/88 MP: 9/9
  6164 | D:9      | Reached skill level 1 in Evocations
  6270 | D:9      | Reached skill level 10 in Armour
  6325 | D:9      | Reached skill level 1 in Throwing
  6511 | D:9      | Found an ancient bone altar of Kikubaaqudgha.
  6648 | D:9      | Reached *** piety under the Shining One
  7144 | D:10     | Entered Level 10 of the Dungeon
  7195 | D:10     | Reached skill level 1 in Dodging
  7206 | D:10     | Found a staircase to the Orcish Mines.
  7412 | D:10     | Reached skill level 13 in Maces & Flails
  7669 | D:10     | Reached XP level 11. HP: 97/97 MP: 10/10
  7695 | D:10     | Found Cariri's Antique Weapon Shoppe.
  8615 | D:11     | Reached **** piety under the Shining One
  8709 | D:11     | Found a gate leading to a gauntlet.
  8717 | Gauntlet | Entered a Gauntlet
  8717 | Gauntlet | Found a transporter.
  8726 | Gauntlet | Noticed a death scarab
  8727 | Gauntlet | Found a transporter.
  8742 | Gauntlet | Found a transporter.
  8752 | Gauntlet | Found a transporter.
  8797 | Gauntlet | Noticed a soul eater
  8802 | Gauntlet | Found a transporter.
  8803 | Gauntlet | Found a transporter.
  8805 | Gauntlet | Found a transporter.
  8836 | Gauntlet | Found a transporter.
  8847 | Gauntlet | Found a transporter.
  8851 | Gauntlet | Found a large runed translucent door.
  8851 | Gauntlet | Found a large runed translucent door.
  8851 | Gauntlet | Noticed a quicksilver ooze
  8852 | Gauntlet | Found a large runed translucent door.
  8852 | Gauntlet | Found a large runed translucent door.
  8853 | Gauntlet | Found a runed translucent door.
  8854 | Gauntlet | Found a transporter.
  8855 | Gauntlet | Found a runed translucent door.
  8856 | Gauntlet | Found a large runed translucent door.
  8856 | Gauntlet | Found a large runed translucent door.
  8857 | Gauntlet | Found a large runed translucent door.
  8858 | Gauntlet | Found a large runed translucent door.
  8864 | Gauntlet | Found a large runed translucent door.
  8864 | Gauntlet | Found a large runed translucent door.
  8865 | Gauntlet | Found a large runed translucent door.
  8866 | Gauntlet | Found a large runed translucent door.
  8866 | Gauntlet | Found a large runed translucent door.
  8867 | Gauntlet | Found a runed translucent gate.
  8867 | Gauntlet | Found a runed translucent gate.
  8867 | Gauntlet | Noticed a wolf spider
  8869 | Gauntlet | Found a transporter.
  8877 | Gauntlet | Found a runed translucent gate.
  8877 | Gauntlet | Noticed an entropy weaver
  8878 | Gauntlet | Found a large runed translucent door.
  8879 | Gauntlet | Found a large runed translucent door.
  8880 | Gauntlet | Found a large runed translucent door.
  8888 | Gauntlet | Found a transporter.
  8900 | Gauntlet | Found a transporter.
  8901 | Gauntlet | Noticed a catoblepas
  8912 | Gauntlet | Found a transporter.
  8913 | Gauntlet | Noticed a blizzard demon
  8928 | Gauntlet | Found a transporter.
  8940 | Gauntlet | Found a transporter.
  8940 | Gauntlet | Noticed an orange crystal statue
  9016 | Gauntlet | Found a transporter.
  9018 | Gauntlet | Found a transporter.
  9051 | Gauntlet | Killed a soul eater
  9103 | Gauntlet | Mangled by a death scarab

Illustrated notes

Levels and vault maps discovered:
D:1:      mrwooster_arrival_statue_2, layout_basic, shapermc_ecumenical_altar_gd
D:2:      layout_basic, minmay_fountain_box, kennysheep_minor_cross,
          corexii_item_surrounded_by_moat, chequers_big_river,
          minmay_hexomino_u4, uniq_crazy_yiuf_cottage
D:3:      layout_rooms, gammafunk_temple_overflow_forgotten,
          nicolae_concentric_dashed_squares_wild
D:4:      layout_rooms, mainiacjoe_overflow_concentric_impassable,
          mainiacjoe_overflow_divided_tiny
D:5:      layout_loops_ring, lemuel_round_altar, lightli_church_of_beogh,
          uniq_sigmund
D:6:      layout_loops_ring, gammafunk_temple_overflow_arena,
          minmay_temple_entry_hall, gammafunk_ghost_necromancy, enter_ossuary_5,
          uniq_pikel
D:7:      layout_layer_cave, jmf_multi_god_temple2, nicolae_water_bricks
D:8:      layout_gridville
D:9:      layout_stronghold, mainiacjoe_overflow_cross_hatched
D:10:     layout_gridville, hiddenorc1_lemuel, serial_shops, shop
D:11:     layout_basic, erik_lair_dragon, gauntlet_entry_generic
Temple:   minmay_freezing_vapour_temple
Gauntlet: gammafunk_gauntlet_one_two_three [gammafunk_gauntlet_arena_hedges,
          gammafunk_gauntlet_arena_corners, gammafunk_gauntlet_arena_chambers,
          nicolae_gauntlet_arena_flowing_pool,
          gammafunk_gauntlet_arena_split_diamond,
          gammafunk_gauntlet_arena_split_x, gammafunk_gauntlet_arena_crates,
          nicolae_gauntlet_arena_x, minmay_gauntlet_arena_make_your_own_arena,
          gauntlet_exit_hidden_loot]

Skill      XL: |  1  2  3  4  5  6  7  8  9 10 11 |
---------------+----------------------------------+-----
Fighting       | 4 5 6 7 9 |  9.8
Armour         | 4 5 7 9 11 12 | 12.7
Maces & Flails | 3 5 6 8 10 12 13 | 13.9
Shields        | 4 5 6 7 |  7.0
Stealth        | 1 |  1.9
Evocations     | 1 |  1.5
Throwing       | 1 2 |  2.3
Dodging        | 1 |  1.0
Invocations    | |  0.9

Action                   |  1- 3 |  4- 6 |  7- 9 | 10-12 || total
-------------------------+-------+-------+-------+-------++-------
Melee: Flail             |    60 |       |       |       ||    60
       Headbutt          |    12 |    10 |    43 |    75 ||   140
       Whip              |    21 |    53 |   215 |   230 ||   519
       Mace              |       |     2 |    31 |    35 ||    68
Throw: Dart              |       |       |     6 |    11 ||    17
Invok: Divine Shield     |       |       |       |     3 ||     3
Evoke: Wand              |       |       |     8 |     1 ||     9
  Use: Scroll            |       |     8 |    11 |     1 ||    20
       Potion            |       |       |       |     6 ||     6
Armor: Scale mail        |    31 |       |       |       ||    31
       Plate armour      |    16 |    13 |    78 |    72 ||   179
Dodge: Dodged            |    27 |    10 |    25 |    42 ||   104
Block: Buckler           |    19 |     7 |    44 |    45 ||   115
